Map: Rorschach LE

Players

Harstem - Winner!

  • Race: Protoss Protoss
  • League: Grandmaster
  • Spawn Location: 7:00

ratgameplay (uThermal)

  • Race: Terran Terran
  • League: Grandmaster
  • Spawn Location: 5:00

Event: HomeStory Cup XXIX

VOD

Have the link to the VOD?

Description

Time

  • Played on: July 4, 2026, 9:05 a.m.
  • Length: 16:29

All games in this series

Show
View Real Time Build Order
Export as new Build Order

Harstem Protoss - Winner!

Build Orders: 1 Gate Expand, Phoenix Opening, Chargelot Immortal 

Get SALT Encoding   

  8  0:00  Probe (Chrono Boost)  
  9  0:12  Probe (Chrono Boost)  
  10  0:19  Probe (Chrono Boost)  
  11  0:26  Probe  
  12  0:31  Pylon  
  12  0:38  Probe  
  13  0:51  Probe  
  13  0:54  Gateway  
  14  1:03  Probe (Chrono Boost)  
  16  1:12  Probe (Chrono Boost)  
  16  1:17  Probe (Chrono Boost)  
  18  1:37  Nexus  
  17  1:40  Assimilator  
  17  1:50  Cybernetics Core  
  17  1:52  Probe  
  18  1:58  Assimilator  
  18  2:06  Probe  
  19  2:09  Pylon  
  19  2:18  Probe  
  20  2:25  Stalker (Chrono Boost)  
  22  2:30  Probe  
  22  2:36  Warp Gate  
  23  2:42  Probe  
  24  2:47  Stalker  
  24  2:50  Probe (Chrono Boost)  
  27  2:57  Probe (Chrono Boost)  
  28  3:02  Probe (Chrono Boost)  
  29  3:10  Probe x2 (Chrono Boost)  
  31  3:13  Phoenix  
  31  3:14  Sentry  
  31  3:16  Probe  
  31  3:18  Probe  
  35  3:21  Gateway  
  35  3:25  Shield Battery  
  35  3:29  Probe  
  35  3:32  Probe  
  36  3:37  Pylon  
  36  3:40  Stalker  
  36  3:41  Probe  
  39  3:44  Probe  
  40  3:53  Probe  
  41  3:57  Probe  
  41  3:58  Pylon  
  42  4:05  Probe  
  42  4:09  Probe  
  46  4:16  Pylon  
  46  4:17  Probe, Stalker  
  46  4:19  Stalker  
  46  4:21  Probe  
  50  4:29  Probe  
  51  4:33  Probe  
  52  4:41  Probe  
  52  4:43  Assimilator  
  52  4:44  Pylon, Stalker x2  
  52  4:45  Probe  
  58  4:50  Pylon  
  58  4:53  Probe  
  58  4:57  Probe  
  56  5:05  Probe  
  56  5:09  Probe  
  56  5:10  Stalker x2  
  61  5:17  Probe  
  60  5:21  Probe  
  60  5:26  Nexus  
  61  5:30  Probe  
  61  5:33  Probe  
  61  5:34  Twilight Council  
  63  5:37  Phoenix  
  63  5:42  Probe  
  63  5:45  Probe  
  62  5:52  Robotics Facility  
  62  5:54  Probe, Zealot  
  65  5:58  Zealot  
  68  6:05  Gateway  
  68  6:06  Gateway  
  68  6:08  Probe  
  68  6:09  Charge (Chrono Boost)  
  68  6:10  Probe  
  69  6:19  Pylon  
  69  6:20  Probe  
  69  6:22  Probe  
  71  6:27  Templar Archives  
  71  6:28  Zealot  
  71  6:29  Phoenix  
  71  6:32  Probe  
  74  6:34  Probe  
  74  6:35  Zealot  
  76  6:43  Immortal (Chrono Boost)  
  76  6:44  Probe  
  79  6:47  Probe  
  80  6:54  Shield Battery  
  80  6:57  Probe  
  80  7:01  Pylon, Zealot x2  
  81  7:05  Zealot  
  81  7:06  Zealot  
  90  7:12  Immortal (Chrono Boost)  
  93  7:18  Pylon, Probe  
  94  7:24  Gateway  
  94  7:25  Gateway  
  94  7:27  Zealot  
  94  7:29  Zealot  
  98  7:30  Probe  
  98  7:36  Probe  
  99  7:38  High Templar  
  99  7:43  Probe x2  
  102  7:45  High Templar, Immortal (Chrono Boost)  
  108  7:53  Zealot  
  108  7:55  Pylon, Forge, Archon  
  109  8:07  Zealot  
  111  8:13  Probe, Gateway  
  111  8:15  Zealot  
  111  8:17  Gateway, Pylon  
  106  8:22  Zealot x2  
  106  8:26  Immortal  
  104  8:30  Protoss Ground Armor Level 1 (Chrono Boost)  
  104  8:32  Zealot  
  94  8:36  Probe  
  94  8:38  Probe  
  94  8:39  Probe  
  95  8:41  Assimilator  
  95  8:43  Zealot  
  95  8:45  Zealot x2  
  97  8:48  Robotics Bay  
  97  8:49  Zealot x2  
  99  8:58  Stalker  
  99  9:02  Probe  
  102  9:04  Pylon  
  102  9:05  Zealot  
  102  9:06  Probe  
  102  9:09  Zealot x2  
  107  9:11  Zealot  
  107  9:12  Sentry  
  107  9:18  Immortal (Chrono Boost)  
  99  9:27  Zealot x2  
  89  9:34  Zealot x3  
  89  9:35  Zealot  
  93  9:39  Blink (Chrono Boost)  
  93  9:49  Colossus (Chrono Boost)  
  93  9:50  Zealot x2  
  103  9:54  Nexus  
  103  9:56  Sentry, Zealot  
  103  9:57  Photon Cannon  
  103  9:59  Probe  
  108  10:02  Pylon  
  108  10:06  Sentry, Zealot  
  112  10:10  Stalker  
  112  10:14  Zealot x2  
  112  10:15  Zealot  
  118  10:25  Protoss Ground Weapons Level 1 (Chrono Boost)  
  118  10:28  Probe (Chrono Boost)  
  121  10:29  Probe (Chrono Boost)  
  121  10:30  Probe (Chrono Boost)  
  121  10:32  Pylon  
  121  10:38  Probe x2  
  121  10:39  Probe  
  121  10:40  Forge  
  121  10:41  Disruptor (Chrono Boost), Zealot x4  
  134  10:43  Pylon  
  132  10:50  Probe  
  132  10:51  Stalker, Zealot x2  
  132  10:54  Pylon  
  139  10:58  Stalker  
  139  11:01  Shield Battery  
  135  11:11  Stalker x4  
  135  11:17  Zealot x3  
  149  11:19  Pylon, Probe  
  149  11:23  Disruptor (Chrono Boost)  
  154  11:29  Stalker  
  156  11:35  Zealot x4, Pylon  
  164  11:45  Zealot x3  
  168  11:52  Zealot  
  168  11:53  Disruptor (Chrono Boost)  
  166  11:57  Zealot x4  
  166  11:59  Protoss Ground Armor Level 2 (Chrono Boost)  
  151  12:12  Probe (Chrono Boost), Stalker x3, Photon Cannon  
  151  12:14  Probe (Chrono Boost)  
  159  12:16  Probe (Chrono Boost)  
  159  12:18  Protoss Ground Weapons Level 2 (Chrono Boost), Photon Cannon  
  160  12:22  Shield Battery  
  158  12:32  Probe  
  158  12:37  Zealot x8  
  171  12:41  Disruptor (Chrono Boost)  
  171  12:47  Pylon  
  159  13:00  Zealot x8  
  159  13:04  Dark Shrine  
  165  13:09  Robotics Facility  
  147  13:31  Stalker x8  
  163  13:43  Probe  
  163  13:44  Disruptor (Chrono Boost)  
  163  13:46  Gateway  
  163  13:48  Gateway  
  164  13:50  Gateway  
  164  13:52  Gateway  
  164  13:53  Gateway, Zealot x4  
  172  14:01  Zealot x4  
  178  14:15  Probe  
  171  14:17  Disruptor x2  
  171  14:24  Nexus  
  175  14:30  Dark Templar, Zealot x6  
  169  14:57  Zealot x7  
  169  14:59  Probe  
  184  15:01  Pylon  
  182  15:09  Warp Prism (Chrono Boost)  
  182  15:13  Zealot x3  
  190  15:20  Zealot x2  
  192  15:26  Zealot x3  
  196  15:34  Dark Templar, Zealot x2  
  188  15:45  Dark Templar, Zealot x4  
  190  15:51  Zealot x3  
  188  16:02  Zealot x2  
  188  16:03  Zealot x2  
  180  16:10  Zealot x5  
  148  16:17  Stalker x3  
Show
View Real Time Build Order
Export as new Build Order

ratgameplay Terran 

Build Orders: Reaper Expand 

Get SALT Encoding   

  8  0:00  SCV  
  9  0:12  SCV  
  10  0:24  SCV  
  11  0:36  SCV  
  11  0:40  Supply Depot  
  12  0:48  SCV  
  13  0:50  Refinery  
  13  1:02  SCV  
  14  1:05  Barracks  
  14  1:14  SCV  
  15  1:26  SCV  
  16  1:38  SCV  
  17  1:52  Reaper, Orbital Command  
  18  2:12  Command Center  
  18  2:18  SCV  
  19  2:27  Factory  
  19  2:30  Barracks Reactor  
  19  2:34  SCV  
  20  2:41  Supply Depot  
  20  2:46  SCV  
  20  2:50  Refinery  
  21  3:03  SCV  
  21  3:04  Supply Depot  
  22  3:11  Starport  
  22  3:15  SCV  
  22  3:17  Hellion  
  25  3:22  Hellion  
  27  3:27  SCV  
  28  3:38  Widow Mine  
  28  3:39  SCV  
  31  3:44  Widow Mine  
  33  3:48  Medivac  
  33  3:50  Orbital Command  
  33  3:53  SCV  
  38  4:03  Widow Mine  
  38  4:05  Widow Mine  
  39  4:11  Barracks Tech Lab  
  39  4:14  SCV  
  39  4:16  Bunker  
  40  4:17  SCV  
  39  4:26  SCV  
  39  4:31  SCV  
  39  4:36  Siege Tank, Marine x2  
  39  4:38  SCV  
  45  4:40  Starport Tech Lab  
  45  4:41  Barracks  
  45  4:46  Supply Depot  
  45  4:48  SCV  
  45  4:50  SCV  
  47  4:53  Marine  
  47  4:54  Marine  
  49  5:00  SCV  
  49  5:06  Raven  
  50  5:08  SCV  
  50  5:09  Barracks  
  50  5:10  Supply Depot  
  50  5:11  Marine  
  52  5:17  Siege Tank  
  52  5:19  SCV  
  52  5:20  Marine  
  57  5:25  Engineering Bay  
  57  5:26  Supply Depot  
  57  5:28  SCV  
  58  5:31  Marine  
  58  5:32  SCV  
  60  5:40  SCV  
  61  5:44  Marine, SCV  
  61  5:49  Refinery  
  61  5:50  Terran Infantry Weapons Level 1  
  61  5:51  Marine x2  
  61  5:52  SCV  
  64  5:59  Stimpack, Supply Depot  
  64  6:02  Marine  
  65  6:04  Marine  
  65  6:05  SCV  
  65  6:06  SCV  
  65  6:08  Refinery  
  65  6:09  Marine  
  65  6:10  Marine  
  70  6:12  Factory Reactor, Starport Reactor  
  70  6:18  SCV x2  
  72  6:22  Supply Depot  
  72  6:23  Marine  
  72  6:24  Marauder  
  75  6:30  SCV  
  75  6:31  SCV  
  77  6:39  Marine, Marauder  
  80  6:42  SCV  
  80  6:43  SCV  
  78  6:47  Command Center  
  78  6:48  Medivac x2  
  78  6:52  Marine, Marauder  
  85  6:59  Supply Depot, Widow Mine x2  
  89  7:01  Combat Shield  
  89  7:04  Marine x2  
  91  7:10  Supply Depot  
  91  7:12  Marine  
  91  7:14  Marauder  
  94  7:17  Supply Depot  
  94  7:20  Widow Mine  
  94  7:22  Widow Mine, Marine  
  99  7:27  Medivac  
  101  7:32  Marine, Marauder  
  104  7:37  Supply Depot  
  104  7:40  Concussive Shells  
  104  7:41  Marine  
  104  7:42  Widow Mine  
  104  7:43  Widow Mine  
  109  7:47  Supply Depot  
  109  7:54  SCV, Barracks  
  109  7:55  Barracks  
  109  7:56  Marine  
  109  7:58  Marine  
  112  8:03  Widow Mine  
  112  8:04  Widow Mine  
  116  8:09  Marine  
  116  8:11  SCV  
  114  8:13  SCV  
  114  8:14  SCV  
  110  8:24  SCV  
  110  8:25  Widow Mine  
  109  8:27  SCV, Marine  
  109  8:28  Medivac  
  107  8:35  Marine  
  107  8:38  SCV  
  107  8:41  Marine  
  106  8:45  Barracks Tech Lab, Barracks Reactor  
  105  8:48  Medivac  
  105  8:50  SCV  
  105  8:51  SCV  
  105  8:53  Marine  
  105  8:54  Marine  
  107  8:58  Marauder  
  107  9:00  Widow Mine  
  111  9:04  SCV  
  111  9:05  Orbital Command  
  111  9:07  SCV  
  113  9:16  SCV  
  113  9:17  Marine  
  113  9:18  Marine, Marauder x2  
  113  9:19  SCV  
  113  9:22  Widow Mine  
  119  9:28  SCV  
  119  9:30  Marine  
  119  9:31  Marauder, SCV  
  104  9:32  Marine  
  104  9:35  Widow Mine  
  104  9:36  SCV  
  100  9:39  Medivac x2, Marauder  
  100  9:42  Terran Infantry Armor Level 1, Marine  
  100  9:44  Widow Mine, SCV  
  110  9:49  Bunker  
  110  9:51  Marine x2, Missile Turret  
  110  9:52  Marine  
  113  9:55  Marine, Marauder  
  113  9:59  Widow Mine  
  118  10:03  SCV  
  118  10:04  Marine  
  118  10:05  Supply Depot x2, Widow Mine  
  122  10:12  Marine  
  122  10:13  Supply Depot, Marauder  
  124  10:14  Marine  
  124  10:15  Marauder  
  124  10:17  Marauder  
  124  10:18  Marine  
  124  10:20  Widow Mine  
  132  10:22  Missile Turret  
  132  10:27  Widow Mine, Armory  
  134  10:28  SCV  
  134  10:29  Engineering Bay  
  134  10:30  SCV, Marine x2  
  134  10:32  SCV, Marine  
  134  10:34  Marauder  
  140  10:43  Marine, Marauder  
  140  10:45  Liberator x2  
  140  10:47  Supply Depot  
  140  10:48  Widow Mine  
  140  10:49  Marine x2  
  153  10:50  Missile Turret  
  153  10:53  Marine  
  153  10:54  Marauder  
  156  10:59  Marine  
  157  11:04  Marine, Widow Mine  
  157  11:05  Marauder  
  157  11:10  Marine  
  161  11:15  Marauder  
  161  11:16  Marine  
  161  11:17  Marine  
  161  11:18  Marauder, Barracks  
  165  11:19  Barracks  
  165  11:22  Barracks, Marine  
  166  11:31  Viking x2  
  166  11:32  Ghost Academy  
  168  11:36  Terran Infantry Weapons Level 2  
  168  11:45  Marine  
  168  11:46  Marauder  
  171  11:48  Marine  
  171  11:49  Marauder  
  171  11:51  Marine  
  171  11:52  Marauder  
  176  11:57  Marine  
  176  12:01  Viking x2  
  170  12:03  Marine  
  170  12:06  Marine  
  170  12:07  Marauder  
  169  12:10  Marine, Marauder  
  169  12:12  Barracks Tech Lab x2, Barracks Reactor  
  172  12:16  Ghost Academy  
  172  12:20  Command Center  
  172  12:21  Ghost, Supply Depot  
  175  12:28  Ghost  
  177  12:41  Ghost  
  176  12:48  Marine, Marauder  
  176  12:49  Engineering Bay  
  176  12:50  Engineering Bay, Marine  
  176  12:51  Marauder, Marine  
  180  12:52  Marauder, Marine  
  180  12:57  Marauder  
  180  12:58  Marine  
  171  13:08  Marine, Bunker  
  171  13:09  Supply Depot  
  171  13:10  Marauder  
  171  13:11  Orbital Command, Marauder  
  176  13:12  Ghost  
  176  13:14  Supply Depot, Marine  
  169  13:27  Marine, Marauder  
  169  13:32  Marine  
  169  13:33  Marauder  
  173  13:38  Marine  
  173  13:39  Marauder  
  173  13:40  Marine  
  173  13:41  Marauder  
  174  13:47  Medivac, Marine x2  
  178  13:48  SCV  
  178  13:49  SCV x2, Marine  
  182  14:00  SCV  
  182  14:01  SCV  
  182  14:02  Marine x2  
  185  14:03  Marauder x2  
  185  14:05  SCV  
  185  14:09  Refinery  
  184  14:15  Viking  
  184  14:16  SCV, Marine, Marauder  
  182  14:18  SCV  
  182  14:20  SCV  
  182  14:22  Marine x3, Marauder  
  186  14:28  Marine x2, SCV, Marauder  
  186  14:30  SCV  
  188  14:32  SCV  
  188  14:34  Marine  
  188  14:35  Marauder  
  190  14:39  Refinery  
  190  14:40  SCV  
  186  14:45  Missile Turret  
  186  14:46  Marine  
  186  14:47  Missile Turret, Marauder x2  
  186  14:48  SCV  
  191  14:52  Marine  
  191  14:53  Marauder  
  191  14:57  Marine  
  191  14:58  Marauder  
  197  15:00  SCV x2  
  197  15:01  SCV  
  200  15:12  Missile Turret  
  200  15:18  Missile Turret  
  200  15:26  SCV  
  199  15:31  SCV  
  199  15:34  Starport  
  200  15:36  Marine  
  200  15:38  Marine  
  200  15:42  Marine, Marauder  
  186  15:44  Marine  
  186  15:45  Marauder, Marine x2  
  186  15:46  Marauder x2  
  186  15:47  Viking x2  
  186  15:48  SCV  
  172  15:53  SCV  
  172  15:55  SCV  
  165  16:01  Marine  
  165  16:02  Marauder  
  132  16:05  Marine, Marauder  
  132  16:09  Marine  
  132  16:10  Marine  
Tags
 
Add a new tag
Caveats
  • Supply blocks, unpowered buildings, or Contaminate may cause inaccurate times.
  • Supply counts are checked every 10 seconds.